 Dungeon Crawl Stone Soup version 0.29.0-4-gdea44cf6ec (webtiles) character file.

Game seed: 1946953652430752214

182799 qw the Peltast (level 17, -13/170 HPs)
             Began as a Minotaur Berserker on Sept 9, 2022.
             Was an Elder of Trog.
             Killed by the raging water
             ... invoked by a water nymph
              (29 damage)
             ... on level 4 of the Shoals.
             The game lasted 00:14:04 (34258 turns).

qw the Peltast (Minotaur Berserker)                Turns: 34258, Time: 00:14:04

Health: -13/170    AC: 34    Str: 31    XL:     17   Next: 72%
Magic:  16/16      EV: 11    Int:  3    God:    Trog [****..]
Gold:   2015       SH: 26    Dex: 12    Spells: 16/16 levels left

rFire   . . .      SeeInvis +   Y - +9 war axe (flame)
rCold   . . .      Faith    .   v - +0 tower shield
rNeg    . . .      Spirit   .   u - +1 plate armour {rPois}
rPois   +          Reflect  +   f - +1 hat
rElec   .          Harm     .   q - +1 cloak
rCorr   .          Rampage  .   a - +2 pair of gloves
Will    +++..                   l - +2 pair of boots
Stlth   ..........              k - amulet of reflection
HPRegen 2.18/turn               x - ring of see invisible
MPRegen 0.15/turn               z - +4 ring of protection

@: about to teleport, marked, strong-willed, mesmerised, regenerating, very slow
A: horns 2, retaliatory headbutt, regeneration 1, strong 1, wild magic 1
a: Renounce Religion, Berserk, Trog's Hand, Brothers in Arms


You were on level 4 of the Shoals.
You worshipped Trog.
Trog was greatly pleased with you.
You visited 5 branches of the dungeon, and saw 29 of its levels.
You visited the Abyss 1 time.
You also visited: Ossuary.

You collected 3497 gold pieces.
You spent 1482 gold pieces at shops.


Innate Abilities, Weirdness & Mutations

You have a pair of horns on your head.
You reflexively headbutt those who attack you in melee.
Your natural rate of healing is unusually fast.
Your muscles are strong. (Str +4, Int/Dex -1)
Your spells are a little harder to cast, but a little more powerful.


   Skills:
 - Level 20.0 Fighting
 - Level 16.0 Axes
 + Level 6.3 Throwing
 - Level 18.0 Armour
 - Level 9.5 Dodging
 - Level 20.5 Shields


You had 16 spell levels left.
You didn't know any spells.
Your spell library was empty.

Inventory:

Hand Weapons
 Y - a +9 war axe of flaming (weapon)
Missiles
 e - 23 boomerangs
 i - 2 silver boomerangs (quivered)
Armour
 a - a +2 pair of gloves (worn)
 f - a +1 hat (worn)
 l - a +2 pair of boots (worn)
 q - a +1 cloak (worn)
 t - +0 fire dragon scales
 u - a +1 plate armour of poison resistance (worn)
 v - a +0 tower shield (worn)
 y - a +3 plate armour of cold resistance
Jewellery
 g - a +6 ring of strength
 k - an amulet of reflection (around neck)
 x - a ring of see invisible (left hand)
 z - a +4 ring of protection (right hand)
 A - a ring of fire
Wands
 s - a wand of digging (6)
Scrolls
 b - 7 scrolls of teleportation
 n - 31 scrolls of identify
 p - 2 scrolls of enchant weapon
Potions
 c - 11 potions of heal wounds
 d - 15 potions of curing
 j - 3 potions of resistance
 m - 5 potions of might
 o - 8 potions of haste
 r - 5 potions of mutation

Dungeon Overview and Level Annotations

Branches:
Dungeon (15/15)            Temple (0/1) D:6            Lair (5/5) D:9
 Shoals (4/4) Lair:2       Spider (3/4) Lair:3        Slime (0/5) Lair:5
    Orc (2/2) D:9             Elf (0/3) Orc:2        Vaults (0/5) D:13
 Depths (0/4) D:15        Ossuary (visited)

Altars:
Ashenzari
Cheibriados
Elyvilon
Gozag
Kikubaaqudgha
Makhleb
Nemelex Xobeh
Okawaru
Qazlal
Trog
Vehumet
Wu Jian
Xom
Jiyva

Shops:
D:8 ?   D:9 (   Orc:2 ?=(:

Portals:
Trove: D:13 (show abyssal rune of Zot)

Annotations:
D:5 3 runed translucent doors, qw's ghost, novice MiBe
D:9 2 transporters, qw's ghost, novice DsCA
D:14 2 runed translucent doors, 4 transporters, Jaliuk's ghost, journeyman DECj
Shoals:1 3 runed translucent doors, Kehicw's ghost, adept HOBr
Shoals:3 2 runed translucent doors, qw's ghost, adept MiBe


Message History

You are knocked back by the torrent of water.
You collide with the water nymph!
The water nymph is almost dead.
Splash!
The wave splashes down.
The merfolk impaler barely misses you.
You miss the water nymph. You headbutt the water nymph!
You kill the water nymph!
Trog accepts your kill.
Trog appreciates your killing of a magic user.
You slash the sea snake! You burn the sea snake.
You slash the merfolk aquamancer! You burn the merfolk aquamancer.
You slash the sea snake! You burn the sea snake.
You kill the sea snake!
Trog accepts your kill.
You block the merfolk impaler's attack. x2
The merfolk impaler hits you but does no damage.
The merfolk siren chants a haunting song.
You resist with almost no effort.
The merfolk avatar chants a haunting song.
You resist with almost no effort.
The water nymph points at you and mumbles some strange words.
The water swirls and strikes you. You block the sea snake's attack.
You block the merfolk impaler's attack.
The merfolk javelineer throws a javelin.
The javelin pierces through you! The harpy claws you.
You block the harpy's attack.
The merfolk siren chants its luring song.
The merfolk impaler hits you from afar with a +1 trident of venom.
34258 ||| READING 8 scrolls of teleportation.
As you read the scroll of teleportation, it crumbles to dust.
You feel strangely unstable. The harpy claws you but does no damage.
You block the harpy's attack. You block the merfolk impaler's attack.
The merfolk aquamancer casts a spell at you.
The ball of steam hits you! You block the merfolk impaler's attack.
The merfolk impaler hits you from afar with a +2 trident of venom!
A merfolk aquamancer comes into view. It is wielding a +0 rapier.
The water nymph casts a spell at you. The water swirls and strikes you!!
You die...

~~~~~~..# ~~~~~~~~~..
~~~~~~~~~.# ~.~~~~~~..#
..~~~~~~ #~..~~~.$##
#..~~~~~ #...~~...##
#..~~~~~
#..¤~H~(?.#####.~~~...
#~~~¤)~...~....~~~~...
#)mm%@E~..~~~~~~~~....
#~mm~Sm~..~~~(~~......
#Y~mmmm~~~~~~~%........
~Y.~mm~m~~~~~#####......
~~~.m.~~~~~.##...##.^...
.......~..~~m.#.....#%....
.........~~~~~.#..)..')%...
~.......~~~~~~m#.....#%.)..
~~~.......~~~~~.##...##~....


You could see a merfolk avatar, 6 merfolk impalers, a merfolk javelineer, a sea
snake, 2 merfolk aquamancers, 2 merfolk, a water elemental, 2 merfolk sirens, a
water nymph, a harpy and 2 dream sheep.

Vanquished Creatures
  A bone dragon (Abyss:1)
  Arachne (Spider:3)
  A tentacled starspawn (Abyss:1)
  Kirke (D:12)
  An orc warlord (D:12)
  A ghost moth (Spider:3)
  A broodmother (Spider:1)
  Louise (D:15)
  2 emperor scorpions (Spider:1)
  An ophan (Abyss:1)
  Nessos (Lair:5)
  Azrael (Spider:2)
  An entropy weaver (Spider:2)
  An eidolon (Abyss:1)
  A merfolk javelineer (Shoals:4)
  An ettin (Orc:2)
  A fire dragon (D:14)
  5 merfolk impalers
  A green death (Abyss:1)
  6 centaur warriors
  8 boulder beetles
  2 catoblepae
  5 hydras
  An alligator snapping turtle (Shoals:4)
  An ogre mage (D:14)
  A radroach (Spider:3)
  2 merfolk aquamancers
  A spriggan skeleton (D:15)
  5 two-headed ogres
  2 merfolk avatars
  4 death yaks
  A satyr (Shoals:3)
  2 orc high priests
  Sonja (Orc:1)
  A vampire mage (D:15)
  A thrashing horror (Abyss:1)
  2 skeletal warriors (D:15)
  A sun moth (Spider:3)
  4 pharaoh ants
  2 steelbarb worms (Spider:1)
  8 sea snakes
  3 orb spiders
  2 lindwurms
  3 wizards
  3 deep elf pyromancers
  3 large abominations (Abyss:1)
  2 orc knights (D:15)
  A necromancer (D:15)
  23 harpies
  13 wolf spiders
  8 fauns (Shoals:3)
  A stone giant zombie (D:15)
  3 ugly things
  9 manticores
  6 orc sorcerers
  A fire giant skeleton (D:15)
  3 moths of wrath
  6 cyclopes
  A guardian serpent (Lair:5)
  10 black mambas
  10 elephants
  7 merfolk sirens
  6 water nymphs
  Maurice (D:13)
  2 gargoyles
  A torpor snail (Lair:5)
  20 cane toads
  2 rime drakes
  An unseen horror (D:13)
  A kobold demonologist (D:11)
  A freezing wraith (D:14)
  A rime drake (shapeshifter) (D:14)
  9 demonic crawlers
  5 komodo dragons
  An efreet (D:14)
  2 guardian mummies (D:13)
  9 trolls
  3 meliai (D:13)
  10 polar bears
  6 wind drakes
  40 merfolk
  A meliai (shapeshifter) (D:15)
  5 hornets
  Prince Ribbit (D:6)
  Grinder (D:6)
  6 snapping turtles
  13 slime creatures
  11 tarantellas
  5 raiju (Lair:5)
  11 dream sheep
  A small abomination (Abyss:1)
  5 blink frogs (Lair:4)
  A centaur simulacrum (D:12)
  11 wyverns
  27 jumping spiders
  13 culicivoras
  3 shadows
  3 water elementals (Shoals:3)
  2 wraiths
  A black mamba skeleton (Abyss:1)
  A vampire (D:10)
  39 yaks
  5 basilisks
  2 hogs (D:12)
  5 fire elementals (Spider:2)
  A golden eye (shapeshifter) (D:15)
  A steam dragon (D:8)
  26 redbacks
  A redback simulacrum (D:15)
  7 vampire mosquitoes (D:14)
  8 wargs
  3 acid dragons
  A glowing shapeshifter zombie (D:15)
  13 hell hounds
  21 water moccasins
  38 orc warriors
  2 sky beasts
  12 black bears
  30 wolves
  15 centaurs
  4 ogres
  2 phantoms
  2 kobold brigands (D:9)
  9 bullfrogs
  3 scorpions
  A necrophage (D:5)
  A water moccasin zombie (Ossuary)
  11 wights
  11 killer bees (D:8)
  2 howler monkeys
  4 jellies
  2 lava snakes (D:13)
  28 orc priests
  2 gnoll boudas
  4 hounds
  Ijyb (D:4)
  Terence (D:2)
  3 iguanas
  37 orc wizards
  4 hell rats (Lair:3)
  2 mummies (Ossuary)
  Robin (D:3)
  12 gnolls
  6 adders
  2 river rats (Lair:3)
  2 shadow imps
  A white imp (D:12)
  2 ufetubi (D:12)
  5 adder zombies (Ossuary)
  A worm (D:6)
  3 dart slugs
  69 orcs
  10 ball pythons
  8 endoplasms
  3 giant cockroaches
  5 gnoll zombies (Ossuary)
  14 goblins
  8 hobgoblins
  3 jackals (D:1)
  12 kobolds
  4 quokkas
  6 bats
  A frilled lizard (D:2)
  7 hobgoblin zombies (Ossuary)
  5 kobold zombies (Ossuary)
  6 orc zombies (Ossuary)
  11 rats
  2 starspawn tentacles (Abyss:1)
1019 creatures vanquished.

Vanquished Creatures (collateral kills)
  Nikola (Spider:3)
  A merfolk impaler (Shoals:3)
  3 hydras
  2 merfolk avatars
  A sea snake (Shoals:2)
  A lindwurm (Lair:4)
  2 orc knights (D:12)
  A wolf spider (Spider:2)
  A manticore (Shoals:2)
  A merfolk siren (Shoals:3)
  3 merfolk
  A centaur simulacrum (D:12)
  A hog (D:12)
  An acid dragon (D:12)
  A water moccasin (Lair:3)
  A black bear (Lair:5)
  An ogre (Orc:2)
  An orc priest (Orc:2)
  2 gnolls
  An orc (Orc:1)
27 creatures vanquished.

Vanquished Creatures (others)
  2 humans (D:12)
  2 howler monkeys (D:12)
  An orc wizard (Orc:2)
  A gnoll (D:8)
  An ufetubus (D:12)
  27 fungi
  119 plants
153 creatures vanquished.

Grand Total: 1199 creatures vanquished

Notes
Turn   | Place    | Note
-------+----------+-------------------------------------------
     0 | D:1      | qw the Minotaur Berserker began the quest for the Orb.
     0 | D:1      | Reached XP level 1. HP: 19/19 MP: 0/0
     0 | D:1      | 0 ||| qw: Version: 0.1-a-113-g051387a
     0 | D:1      | 0 ||| qw: Game counter: 7174
     0 | D:1      | 0 ||| qw: Always use a shield: true
     0 | D:1      | 0 ||| qw: Do Orc after D:15 true
     0 | D:1      | 0 ||| qw: Do second Lair branch before Depths: true
     0 | D:1      | 0 ||| qw: Lair rune preference: random
     0 | D:1      | 0 ||| qw: Plans: Normal
     0 | D:1      | 0 ||| PLANNING D:1-11
   231 | D:1      | Reached XP level 2. HP: 24/26 MP: 1/1
   337 | D:1      | 337 ||| Stepping ~*~*~tactically~*~*~ (hiding).
   439 | D:1      | 439 ||| Stepping ~*~*~tactically~*~*~ (hiding).
   541 | D:1      | 541 ||| Stepping ~*~*~tactically~*~*~ (hiding).
   643 | D:1      | 643 ||| Stepping ~*~*~tactically~*~*~ (hiding).
   644 | D:1      | 644 ||| Stepping ~*~*~tactically~*~*~ (hiding).
   648 | D:1      | 648 ||| Stepping ~*~*~tactically~*~*~ (hiding).
   698 | D:1      | 698 ||| Stepping ~*~*~tactically~*~*~ (stealth).
   902 | D:1      | 902 ||| Stepping ~*~*~tactically~*~*~ (stealth).
   904 | D:1      | 904 ||| Stepping ~*~*~tactically~*~*~ (stealth).
  1064 | D:1      | 1064 ||| Stepping ~*~*~tactically~*~*~ (hiding).
  1066 | D:1      | 1066 ||| INVOKING Berserk.
  1070 | D:1      | Reached XP level 3. HP: 31/31 MP: 2/2
  1073 | D:1      | 1073 ||| Stepping ~*~*~tactically~*~*~ (stealth).
  1074 | D:1      | 1074 ||| Stepping ~*~*~tactically~*~*~ (stealth).
  1075 | D:1      | 1075 ||| Stepping ~*~*~tactically~*~*~ (stealth).
  1106 | D:1      | HP: 6/31 [dart slug/slug dart (2)]
  1108 | D:1      | 1108 ||| INVOKING Berserk.
  1595 | D:1      | Found a faded altar of an unknown god.
  1630 | D:1      | 1630 ||| UPGRADING to amulet of reflection.
  1635 | D:1      | 1635 ||| DROPPING amulet of the acrobat.
  1636 | D:1      | 1636 ||| UPGRADING to ring of positive energy.
  1637 | D:1      | 1637 ||| READING scroll labelled QUAVUAQ OHIJ.
  1638 | D:1      | 1638 ||| READING 2 scrolls labelled TOSIES DOMULAN.
  1639 | D:1      | 1639 ||| READING scroll labelled ZARPHA ADOU.
  1640 | D:1      | 1640 ||| READING scroll labelled NASEME OFAPS.
  1641 | D:1      | 1641 ||| READING scroll labelled MACECR YJOTE.
  1645 | D:1      | 1645 ||| DRINKING 3 silvery potions.
  1646 | D:1      | 1646 ||| DROPPING 2 potions of brilliance.
  1647 | D:1      | 1647 ||| DROPPING scroll of immolation.
  1790 | D:2      | Reached ** piety under Trog
  1813 | D:2      | 1813 ||| Stepping ~*~*~tactically~*~*~ (stealth).
  1820 | D:2      | 1820 ||| Stepping ~*~*~tactically~*~*~ (hiding).
  1821 | D:2      | 1821 ||| Stepping ~*~*~tactically~*~*~ (hiding).
  1951 | D:2      | 1951 ||| Stepping ~*~*~tactically~*~*~ (stealth).
  2182 | D:2      | 2182 ||| Stepping ~*~*~tactically~*~*~ (stealth).
  2187 | D:2      | Reached skill level 6 in Axes
  2187 | D:2      | Reached XP level 4. HP: 39/39 MP: 3/3
  2196 | D:2      | Identified the +1 dagger of Reinforcement {flame, rF- Str+3
                  | Dex+4}
  2445 | D:2      | Noticed Terence
  2446 | D:2      | 2446 ||| Stepping ~*~*~tactically~*~*~ (hiding).
  2548 | D:2      | 2548 ||| FLEEEEING.
  2560 | D:2      | 2560 ||| FLEEEEING.
  2561 | D:2      | 2561 ||| FLEEEEING.
  2565 | D:2      | 2565 ||| FLEEEEING.
  2567 | D:2      | 2567 ||| FLEEEEING.
  2568 | D:2      | 2568 ||| FLEEEEING.
  2569 | D:2      | 2569 ||| FLEEEEING.
  2570 | D:2      | 2570 ||| FLEEEEING.
  2571 | D:2      | 2571 ||| FLEEEEING.
  2572 | D:2      | 2572 ||| FLEEEEING.
  2575 | D:2      | 2575 ||| FLEEEEING.
  2576 | D:2      | 2576 ||| FLEEEEING.
  2577 | D:2      | 2577 ||| FLEEEEING.
  2578 | D:2      | 2578 ||| FLEEEEING.
  2579 | D:2      | 2579 ||| FLEEEEING.
  2580 | D:2      | 2580 ||| FLEEEEING.
  2581 | D:2      | 2581 ||| FLEEEEING.
  2582 | D:2      | 2582 ||| FLEEEEING.
  2583 | D:2      | 2583 ||| FLEEEEING.
  2584 | D:2      | 2584 ||| FLEEEEING.
  2585 | D:2      | 2585 ||| FLEEEEING.
  2586 | D:2      | 2586 ||| FLEEEEING.
  2587 | D:2      | 2587 ||| FLEEEEING.
  2588 | D:2      | 2588 ||| FLEEEEING.
  2589 | D:2      | 2589 ||| FLEEEEING.
  2590 | D:2      | 2590 ||| FLEEEEING.
  2596 | D:2      | 2596 ||| FLEEEEING.
  2597 | D:2      | 2597 ||| FLEEEEING.
  2598 | D:2      | 2598 ||| FLEEEEING.
  2599 | D:2      | 2599 ||| FLEEEEING.
  2600 | D:2      | 2600 ||| FLEEEEING.
  2601 | D:2      | 2601 ||| FLEEEEING.
  2602 | D:2      | 2602 ||| FLEEEEING.
  2603 | D:2      | 2603 ||| FLEEEEING.
  2604 | D:2      | 2604 ||| FLEEEEING.
  2619 | D:2      | 2619 ||| INVOKING Berserk.
  2622 | D:2      | Killed Terence
  2802 | D:2      | 2802 ||| SWAPPING to +0 war axe.
  2803 | D:2      | 2803 ||| DROPPING +0 hand axe.
  2833 | D:2      | 2833 ||| UPGRADING to +0 leather armour.
  2843 | D:2      | 2843 ||| DROPPING +0 animal skin.
  2844 | D:2      | 2844 ||| UPGRADING to +0 scale mail.
  2854 | D:2      | 2854 ||| DROPPING +0 leather armour.
  2855 | D:2      | 2855 ||| UPGRADING to +0 pair of boots.
  2860 | D:2      | 2860 ||| READING scroll labelled QIQOUR IRGHIAFA.
  2861 | D:2      | 2861 ||| READING scroll labelled VUISSO UNWA.
  2862 | D:2      | 2862 ||| DRINKING 3 murky purple potions.
  2911 | D:3      | 2911 ||| STAIRDANCE
  2977 | D:3      | 2977 ||| SWAPPING to +2 war axe of freezing.
  2978 | D:3      | 2978 ||| DROPPING +0 war axe.
  2990 | D:3      | 2990 ||| Stepping ~*~*~tactically~*~*~ (hiding).
  2992 | D:3      | 2992 ||| Stepping ~*~*~tactically~*~*~ (hiding).
  2997 | D:3      | 2997 ||| INVOKING Berserk.
  2999 | D:3      | Reached XP level 5. HP: 45/45 MP: 4/4
  3106 | D:3      | 3106 ||| Stepping ~*~*~tactically~*~*~ (stealth).
  3108 | D:3      | 3108 ||| Stepping ~*~*~tactically~*~*~ (stealth).
  3109 | D:3      | 3109 ||| Stepping ~*~*~tactically~*~*~ (stealth).
  3110 | D:3      | 3110 ||| Stepping ~*~*~tactically~*~*~ (stealth).
  3112 | D:3      | 3112 ||| Stepping ~*~*~tactically~*~*~ (stealth).
  3115 | D:3      | 3115 ||| Stepping ~*~*~tactically~*~*~ (stealth).
  3118 | D:3      | 3118 ||| INVOKING Berserk.
  3318 | D:3      | 3318 ||| Stepping ~*~*~tactically~*~*~ (stealth).
  3319 | D:3      | 3319 ||| Stepping ~*~*~tactically~*~*~ (stealth).
  3323 | D:3      | 3323 ||| Stepping ~*~*~tactically~*~*~ (stealth).
  3324 | D:3      | 3324 ||| Stepping ~*~*~tactically~*~*~ (stealth).
  3325 | D:3      | Noticed Robin
  3330 | D:3      | 3330 ||| INVOKING Berserk.
  3332 | D:3      | Killed Robin
  3344 | D:3      | 3344 ||| FLEEEEING.
  3345 | D:3      | 3345 ||| STAIRDANCE
  3447 | D:2      | 3447 ||| UPGRADING to +2 ring mail of fire resistance.
  3457 | D:2      | 3457 ||| DROPPING +0 scale mail.
  3555 | D:3      | Identified the +0 buckler of Sakaqoz {rC+ rN+ Will+ Slay-3}
  3556 | D:3      | 3556 ||| Stepping ~*~*~tactically~*~*~ (stealth).
  3559 | D:3      | 3559 ||| Stepping ~*~*~tactically~*~*~ (stealth).
  3560 | D:3      | 3560 ||| Stepping ~*~*~tactically~*~*~ (stealth).
  3590 | D:3      | Found a burning altar of Makhleb.
  3812 | D:3      | 3812 ||| UPGRADING to +0 buckler of Sakaqoz {rC+ rN+ Will+
                  | Slay-3}.
  3817 | D:3      | 3817 ||| READING scroll labelled NISOKIUSUN.
  4189 | D:4      | Reached XP level 6. HP: 49/52 MP: 5/5
  4320 | D:4      | Reached *** piety under Trog
  4390 | D:4      | Noticed Ijyb
  4391 | D:4      | 4391 ||| Stepping ~*~*~tactically~*~*~ (stealth).
  4394 | D:4      | 4394 ||| INVOKING Berserk.
  4396 | D:4      | Killed Ijyb
  4784 | D:4      | 4784 ||| READING scroll labelled QUM ZIUQUO.
  4785 | D:4      | 4785 ||| DRINKING 2 fuming coppery potions.
  4786 | D:4      | 4786 ||| DRINKING 3 white potions.
  4786 | D:4      | Gained mutation: Your spells are a little harder to cast,
                  | but a little more powerful. [potion of mutation]
  4786 | D:4      | Gained mutation: Your muscles are strong. (Str +4, Int/Dex
                  | -1) [potion of mutation]
  4786 | D:4      | Gained mutation: Your natural rate of healing is unusually
                  | fast. [potion of mutation]
  4787 | D:4      | 4787 ||| READING 2 scrolls of identify.
  4787 | D:4      | 4787 ||| IDENTIFYING fuming yellow potion
  4788 | D:4      | 4788 ||| DROPPING potion of attraction.
  4835 | D:5      | Entered Level 5 of the Dungeon
  4836 | D:5      | 4836 ||| PLANNING OSSUARY
  4854 | D:5      | 4854 ||| FLEEEEING.
  4855 | D:5      | 4855 ||| STAIRDANCE
  4867 | D:5      | 4867 ||| STAIRDANCE
  4873 | D:5      | 4873 ||| INVOKING Berserk.
  5071 | D:5      | 5071 ||| INVOKING Berserk.
  5076 | D:5      | Reached skill level 9 in Axes
  5076 | D:5      | Reached XP level 7. HP: 59/59 MP: 6/6
  5079 | D:5      | Reached skill level 3 in Shields
  5278 | D:5      | Found an opulent altar of Gozag.
  5346 | D:5      | 5346 ||| Stepping ~*~*~tactically~*~*~ (stealth).
  5383 | D:5      | Found a sand-covered staircase.
  5384 | D:5      | 5384 ||| UPGRADING to +2 pair of gloves.
  5389 | D:5      | 5389 ||| READING 2 scrolls of identify.
  5389 | D:5      | 5389 ||| IDENTIFYING bubbling inky potion
  5395 | Ossuary  | Entered an ossuary
  5442 | Ossuary  | 5442 ||| Stepping ~*~*~tactically~*~*~ (stealth).
  5489 | Ossuary  | Reached **** piety under Trog
  5549 | Ossuary  | 5549 ||| READING scroll of enchant armour.
  5549 | Ossuary  | 5549 ||| ENCHANTING +0 pair of boots.
  5565 | Ossuary  | 5565 ||| READING scroll labelled VEESHR YNKIE.
  5566 | Ossuary  | 5566 ||| DRINKING 2 sedimented black potions.
  5567 | Ossuary  | 5567 ||| DRINKING 2 orange potions.
  5568 | Ossuary  | 5568 ||| READING 3 scrolls of identify.
  5568 | Ossuary  | 5568 ||| IDENTIFYING bubbling coppery potion
  5569 | Ossuary  | 5569 ||| READING 2 scrolls of identify.
  5569 | Ossuary  | 5569 ||| IDENTIFYING bubbling sapphire potion
  5570 | Ossuary  | 5570 ||| DROPPING potion of ambrosia.
  5578 | D:5      | 5578 ||| PLANNING D:1-11
  5598 | D:5      | 5598 ||| INVOKING Berserk.
  5709 | D:5      | 5709 ||| Stepping ~*~*~tactically~*~*~ (stealth).
  5715 | D:5      | Reached skill level 1 in Throwing
  5719 | D:5      | Reached XP level 8. HP: 70/70 MP: 7/7
  5723 | D:5      | Reached skill level 6 in Fighting
  5725 | D:5      | 5725 ||| INVOKING Berserk.
  5980 | D:5      | Noticed qw's ghost (novice MiBe)
  5981 | D:5      | Found a runed translucent gate.
  5982 | D:5      | Found a runed translucent gate.
  5982 | D:5      | Found a runed translucent gate.
  6074 | D:5      | Found a white marble altar of Elyvilon.
  6191 | D:6      | Found a staircase to the Ecumenical Temple.
  6258 | D:6      | Found an ancient bone altar of Kikubaaqudgha.
  6298 | D:6      | 6298 ||| INVOKING Berserk.
  6463 | D:6      | Noticed Grinder
  6464 | D:6      | 6464 ||| INVOKING Trog's Hand.
  6465 | D:6      | 6465 ||| INVOKING Berserk.
  6467 | D:6      | Killed Grinder
  6653 | D:6      | Noticed a troll
  6653 | D:6      | Noticed a troll
  6683 | D:6      | Found a snail-covered altar of Cheibriados.
  6870 | D:6      | Noticed Prince Ribbit
  6871 | D:6      | 6871 ||| Stepping ~*~*~tactically~*~*~ (stealth).
  6872 | D:6      | 6872 ||| Stepping ~*~*~tactically~*~*~ (stealth).
  6874 | D:6      | 6874 ||| Stepping ~*~*~tactically~*~*~ (stealth).
  6878 | D:6      | 6878 ||| INVOKING Berserk.
  6896 | D:6      | Killed Prince Ribbit
  7077 | D:6      | 7077 ||| UPGRADING to +6 ring of intelligence.
  7078 | D:6      | 7078 ||| READING scroll labelled MATOTWE RECH.
  7078 | D:6      | Identified a scroll of acquirement
  7078 | D:6      | 7078 ||| ACQUIRING +0 buckler of the Five Prophets {Str+5}
  7078 | D:6      | Acquired the +0 buckler of the Five Prophets {Str+5}
  7080 | D:6      | 7080 ||| UPGRADING to +0 buckler of the Five Prophets
                  | {Str+5}.
  7090 | D:6      | 7090 ||| DROPPING +0 buckler of Sakaqoz {rC+ rN+ Will+
                  | Slay-3}.
  7091 | D:6      | 7091 ||| READING 2 scrolls of identify.
  7091 | D:6      | 7091 ||| IDENTIFYING purple potion
  7092 | D:6      | 7092 ||| DROPPING potion of flight.
  7132 | D:7      | Reached XP level 9. HP: 75/75 MP: 8/8
  7187 | D:7      | Reached skill level 12 in Axes
  7329 | D:7      | Found an ornate altar of the Wu Jian Council.
  7418 | D:7      | 7418 ||| INVOKING Berserk.
  7555 | D:7      | 7555 ||| Stepping ~*~*~tactically~*~*~ (hiding).
  7563 | D:7      | Reached skill level 3 in Dodging
  7563 | D:7      | 7563 ||| FLEEEEING.
  7686 | D:7      | 7686 ||| Stepping ~*~*~tactically~*~*~ (stealth).
  7693 | D:7      | 7693 ||| Stepping ~*~*~tactically~*~*~ (stealth).
  7720 | D:7      | 7720 ||| DROPPING +0 mace.
  7928 | D:7      | Found a broken altar of Ashenzari.
  7932 | D:7      | Found a radiant altar of Vehumet.
  7933 | D:7      | Found an iron altar of Okawaru.
  7934 | D:7      | Found a sparkling altar of Nemelex Xobeh.
  7938 | D:7      | 7938 ||| DROPPING +3 leather armour.
  7939 | D:7      | 7939 ||| READING scroll labelled MAFOUN ICZEW.
  8040 | D:7      | 8040 ||| READING scroll labelled ZEUHOT TULEUKKATOU.
  8041 | D:7      | 8041 ||| DRINKING 2 pink potions.
  8042 | D:7      | 8042 ||| READING 4 scrolls of identify.
  8042 | D:7      | 8042 ||| IDENTIFYING coppery potion
  8043 | D:7      | 8043 ||| DROPPING potion of berserk rage.
  8044 | D:7      | 8044 ||| DROPPING potion of invisibility.
  8045 | D:7      | 8045 ||| READING 4 scrolls of teleportation.
  8079 | D:8      | 8079 ||| INVOKING Berserk.
  8091 | D:8      | 8091 ||| FLEEEEING.
  8097 | D:8      | 8097 ||| STAIRDANCE
  8226 | D:8      | Found a stormy altar of Qazlal.
  8228 | D:8      | Noticed a cyclops
  8229 | D:8      | 8229 ||| Stepping ~*~*~tactically~*~*~ (stealth).
  8233 | D:8      | 8233 ||| INVOKING Berserk.
  8239 | D:8      | Killed a cyclops
  8389 | D:8      | Noticed a centaur warrior
  8390 | D:8      | 8390 ||| Stepping ~*~*~tactically~*~*~ (hiding).
  8396 | D:8      | Killed a centaur warrior
  8397 | D:8      | Reached skill level 9 in Fighting
  8451 | D:8      | Reached XP level 10. HP: 90/91 MP: 9/9
  8455 | D:8      | Found Jini's Magic Scroll Emporium.
  8484 | D:8      | 8484 ||| Stepping ~*~*~tactically~*~*~ (stealth).
  8522 | D:8      | 8522 ||| Stepping ~*~*~tactically~*~*~ (stealth).
  8534 | D:8      | 8534 ||| Stepping ~*~*~tactically~*~*~ (stealth).
  8580 | D:8      | 8580 ||| Stepping ~*~*~tactically~*~*~ (hiding).
  8583 | D:8      | 8583 ||| INVOKING Berserk.
  8704 | D:8      | Found a shimmering altar of Xom.
  9029 | D:8      | 9029 ||| UPGRADING to +0 chain mail.
  9113 | D:9      | Noticed a two-headed ogre
  9115 | D:9      | 9115 ||| INVOKING Berserk.
  9119 | D:9      | Killed a two-headed ogre
  9120 | D:9      | Reached skill level 6 in Armour
  9124 | D:9      | 9124 ||| STAIRDANCE
  9242 | D:9      | 9242 ||| DRINKING 2 potions of curing.
  9242 | D:9      | 9242 ||| (to cure confusion)
  9245 | D:9      | Reached ***** piety under Trog
  9303 | D:9      | Noticed qw's ghost (novice DsCA)
  9304 | D:9      | 9304 ||| Stepping ~*~*~tactically~*~*~ (stealth).
  9309 | D:9      | 9309 ||| Stepping ~*~*~tactically~*~*~ (stealth).
  9310 | D:9      | 9310 ||| Stepping ~*~*~tactically~*~*~ (stealth).
  9313 | D:9      | 9313 ||| Stepping ~*~*~tactically~*~*~ (stealth).
  9326 | D:9      | Noticed an elephant
  9329 | D:9      | Reached skill level 15 in Axes
  9336 | D:9      | Killed an elephant
  9347 | D:9      | Found a staircase to the Lair.
  9357 | D:9      | 9357 ||| Stepping ~*~*~tactically~*~*~ (stealth).
  9400 | D:9      | 9400 ||| DROPPING +0 flail.
  9459 | D:9      | Noticed a two-headed ogre
  9462 | D:9      | Noticed a tengu warrior
  9466 | D:9      | Found a transporter.
  9472 | D:9      | Found a transporter.
  9473 | D:9      | Found a bloodstained altar of Trog.
  9484 | D:9      | Noticed a moth of wrath
  9570 | D:9      | 9570 ||| Stepping ~*~*~tactically~*~*~ (stealth).
  9572 | D:9      | 9572 ||| Stepping ~*~*~tactically~*~*~ (stealth).
  9576 | D:9      | 9576 ||| Stepping ~*~*~tactically~*~*~ (stealth).
  9674 | D:9      | 9674 ||| Stepping ~*~*~tactically~*~*~ (stealth).
  9680 | D:9      | Reached skill level 6 in Shields
  9680 | D:9      | Found a staircase to the Orcish Mines.
  9689 | D:9      | Reached XP level 11. HP: 94/97 MP: 10/10
  9725 | D:9      | Found a flagged portal.
  9740 | D:9      | Found Felucuot's Antique Weapon Boutique.
  9749 | D:9      | 9749 ||| BUYING glowing flail (169 gold).
  9749 | D:9      | Bought a glowing flail for 169 gold pieces
  9749 | D:9      | 9749 ||| BUYING glowing morningstar (182 gold).
  9749 | D:9      | Bought a glowing morningstar for 182 gold pieces
  9749 | D:9      | 9749 ||| DROPPING +2 vampiric whip.
  9750 | D:9      | 9750 ||| DROPPING +2 vorpal flail.
  9751 | D:9      | 9751 ||| DROPPING +2 ring mail of fire resistance.
  9752 | D:9      | 9752 ||| UPGRADING to +0 plate armour.
  9762 | D:9      | 9762 ||| DROPPING +0 chain mail.
  9763 | D:9      | 9763 ||| READING scroll labelled PEXKO ZICEGE.
  9773 | D:8      | 9773 ||| BUYING scroll of identify (20 gold).
  9773 | D:8      | Bought a scroll of identify for 20 gold pieces
  9773 | D:8      | 9773 ||| BUYING scroll of identify (20 gold).
  9773 | D:8      | Bought a scroll of identify for 20 gold pieces
  9773 | D:8      | 9773 ||| PLANNING LAIR
  9798 | Lair:1   | Entered Level 1 of the Lair of Beasts
  9821 | Lair:1   | 9821 ||| INVOKING Berserk.
  9823 | Lair:1   | Received a gift from Trog
  9981 | Lair:1   | 9981 ||| INVOKING Berserk.
 10160 | Lair:1   | 10160 ||| INVOKING Berserk.
 10192 | Lair:1   | Noticed a catoblepas
 10193 | Lair:1   | 10193 ||| Stepping ~*~*~tactically~*~*~ (stealth).
 10195 | Lair:1   | 10195 ||| Stepping ~*~*~tactically~*~*~ (stealth).
 10196 | Lair:1   | 10196 ||| Stepping ~*~*~tactically~*~*~ (stealth).
 10198 | Lair:1   | 10198 ||| Stepping ~*~*~tactically~*~*~ (cloud).
 10199 | Lair:1   | 10199 ||| INVOKING Brothers in Arms.
 10200 | Lair:1   | 10200 ||| Stepping ~*~*~tactically~*~*~ (cloud).
 10201 | Lair:1   | 10201 ||| INVOKING Berserk.
 10204 | Lair:1   | Killed a catoblepas
 10648 | Lair:1   | 10648 ||| READING scroll of enchant armour.
 10648 | Lair:1   | 10648 ||| ENCHANTING +1 pair of boots.
 10780 | Lair:2   | 10780 ||| Stepping ~*~*~tactically~*~*~ (hiding).
 10781 | Lair:2   | 10781 ||| Stepping ~*~*~tactically~*~*~ (stealth).
 10782 | Lair:2   | 10782 ||| Stepping ~*~*~tactically~*~*~ (hiding).
 10787 | Lair:2   | Reached skill level 9 in Armour
 10790 | Lair:2   | 10790 ||| Stepping ~*~*~tactically~*~*~ (stealth).
 10820 | Lair:2   | 10820 ||| READING scroll of enchant weapon.
 10820 | Lair:2   | 10820 ||| ENCHANTING +3 war axe of freezing.
 10830 | Lair:2   | 10830 ||| Stepping ~*~*~tactically~*~*~ (stealth).
 10841 | Lair:2   | 10841 ||| DRINKING potion of cancellation.
 10843 | Lair:2   | 10843 ||| INVOKING Berserk.
 10996 | Lair:2   | Found a staircase to the Shoals.
 11054 | Lair:2   | 11054 ||| Stepping ~*~*~tactically~*~*~ (stealth).
 11107 | Lair:2   | 11107 ||| Stepping ~*~*~tactically~*~*~ (stealth).
 11132 | Lair:2   | Noticed a lindwurm
 11136 | Lair:2   | 11136 ||| INVOKING Berserk.
 11140 | Lair:2   | Killed a lindwurm
 11273 | Lair:2   | 11273 ||| INVOKING Berserk.
 11282 | Lair:2   | Reached skill level 12 in Fighting
 11282 | Lair:2   | Reached XP level 12. HP: 112/112 MP: 11/11
 11463 | Lair:2   | Identified the +6 sling of Famine {freeze, rF+ Will+}
 11579 | Lair:2   | Noticed an eight-headed hydra
 11580 | Lair:2   | 11580 ||| Stepping ~*~*~tactically~*~*~ (stealth).
 11581 | Lair:2   | 11581 ||| INVOKING Brothers in Arms.
 11584 | Lair:2   | 11584 ||| SWAPPING to +2 morningstar of holy wrath.
 11585 | Lair:2   | 11585 ||| INVOKING Berserk.
 11588 | Lair:2   | Killed an eight-headed hydra
 11602 | Lair:2   | 11602 ||| SWAPPING to +4 war axe of freezing.
 12013 | Lair:3   | Noticed a six-headed hydra
 12014 | Lair:3   | 12014 ||| INVOKING Brothers in Arms.
 12016 | Lair:3   | 12016 ||| SWAPPING to +2 morningstar of holy wrath.
 12018 | Lair:3   | 12018 ||| INVOKING Berserk.
 12019 | Lair:3   | Killed a six-headed hydra
 12028 | Lair:3   | 12028 ||| SWAPPING to +4 war axe of freezing.
 12219 | Lair:3   | Noticed a boulder beetle
 12222 | Lair:3   | 12222 ||| INVOKING Berserk.
 12249 | Lair:3   | Killed a boulder beetle
 12250 | Lair:3   | Noticed a death yak
 12258 | Lair:3   | Killed a death yak
 12345 | Lair:3   | 12345 ||| Stepping ~*~*~tactically~*~*~ (stealth).
 12436 | Lair:3   | 12436 ||| Stepping ~*~*~tactically~*~*~ (stealth).
 12561 | Lair:3   | 12561 ||| Stepping ~*~*~tactically~*~*~ (stealth).
 12572 | Lair:3   | Reached skill level 6 in Dodging
 12671 | Lair:3   | Found a hole to the Spider Nest.
 13200 | Lair:3   | 13200 ||| DROPPING amulet of regeneration.
 13237 | Lair:4   | 13237 ||| INVOKING Berserk.
 13252 | Lair:4   | Reached skill level 12 in Armour
 13262 | Lair:4   | 13262 ||| FLEEEEING.
 13263 | Lair:4   | 13263 ||| STAIRDANCE
 13374 | Lair:4   | Reached skill level 9 in Shields
 13407 | Lair:4   | Noticed a seven-headed hydra
 13408 | Lair:4   | 13408 ||| Stepping ~*~*~tactically~*~*~ (stealth).
 13412 | Lair:4   | 13412 ||| Stepping ~*~*~tactically~*~*~ (stealth).
 13414 | Lair:4   | 13414 ||| INVOKING Brothers in Arms.
 13415 | Lair:4   | 13415 ||| SWAPPING to +2 morningstar of holy wrath.
 13417 | Lair:4   | 13417 ||| INVOKING Berserk.
 13419 | Lair:4   | Killed a seven-headed hydra
 13424 | Lair:4   | 13424 ||| SWAPPING to +4 war axe of freezing.
 13568 | Lair:4   | Noticed a death yak
 13568 | Lair:4   | Noticed a death yak
 13569 | Lair:4   | Noticed a death yak
 13570 | Lair:4   | 13570 ||| Stepping ~*~*~tactically~*~*~ (stealth).
 13573 | Lair:4   | 13573 ||| Stepping ~*~*~tactically~*~*~ (stealth).
 13574 | Lair:4   | 13574 ||| INVOKING Berserk.
 13578 | Lair:4   | Killed a death yak
 13579 | Lair:4   | Reached XP level 13. HP: 124/124 MP: 12/12
 13592 | Lair:4   | 13592 ||| INVOKING Brothers in Arms.
 13593 | Lair:4   | 13593 ||| SWAPPING to +2 morningstar of holy wrath.
 13595 | Lair:4   | 13595 ||| SWAPPING to +4 war axe of freezing.
 13797 | Lair:4   | 13797 ||| INVOKING Berserk.
 13805 | Lair:4   | Reached skill level 15 in Fighting
 14391 | Lair:4   | 14391 ||| UPGRADING to +0 kite shield.
 14401 | Lair:4   | 14401 ||| DROPPING +0 buckler of the Five Prophets {Str+5}.
 14420 | Lair:5   | Entered Level 5 of the Lair of Beasts
 14423 | Lair:5   | 14423 ||| Stepping ~*~*~tactically~*~*~ (stealth).
 14474 | Lair:5   | 14474 ||| Stepping ~*~*~tactically~*~*~ (hiding).
 14479 | Lair:5   | 14479 ||| INVOKING Berserk.
 14516 | Lair:5   | 14516 ||| FLEEEEING.
 14517 | Lair:5   | 14517 ||| FLEEEEING.
 14525 | Lair:5   | 14525 ||| STAIRDANCE
 14632 | Lair:5   | 14632 ||| Stepping ~*~*~tactically~*~*~ (stealth).
 14633 | Lair:5   | 14633 ||| Stepping ~*~*~tactically~*~*~ (stealth).
 14634 | Lair:5   | 14634 ||| Stepping ~*~*~tactically~*~*~ (stealth).
 14635 | Lair:5   | 14635 ||| INVOKING Berserk.
 14806 | Lair:5   | 14806 ||| INVOKING Berserk.
 14873 | Lair:5   | 14873 ||| Stepping ~*~*~tactically~*~*~ (stealth).
 14897 | Lair:5   | 14897 ||| Stepping ~*~*~tactically~*~*~ (stealth).
 15034 | Lair:5   | 15034 ||| INVOKING Berserk.
 15045 | Lair:5   | 15045 ||| Stepping ~*~*~tactically~*~*~ (stealth).
 15053 | Lair:5   | 15053 ||| Stepping ~*~*~tactically~*~*~ (stealth).
 15054 | Lair:5   | 15054 ||| Stepping ~*~*~tactically~*~*~ (stealth).
 15058 | Lair:5   | 15058 ||| Stepping ~*~*~tactically~*~*~ (stealth).
 15098 | Lair:5   | 15098 ||| Stepping ~*~*~tactically~*~*~ (stealth).
 15100 | Lair:5   | 15100 ||| Stepping ~*~*~tactically~*~*~ (stealth).
 15110 | Lair:5   | Reached skill level 12 in Shields
 15122 | Lair:5   | 15122 ||| Stepping ~*~*~tactically~*~*~ (stealth).
 15191 | Lair:5   | 15191 ||| Stepping ~*~*~tactically~*~*~ (stealth).
 15291 | Lair:5   | 15291 ||| Stepping ~*~*~tactically~*~*~ (stealth).
 15293 | Lair:5   | Found a staircase to the Slime Pits.
 15293 | Lair:5   | Found a viscous altar of Jiyva.
 15294 | Lair:5   | 15294 ||| Stepping ~*~*~tactically~*~*~ (stealth).
 15301 | Lair:5   | 15301 ||| INVOKING Berserk.
 15329 | Lair:5   | 15329 ||| Stepping ~*~*~tactically~*~*~ (stealth).
 15334 | Lair:5   | 15334 ||| Stepping ~*~*~tactically~*~*~ (stealth).
 15359 | Lair:5   | 15359 ||| Stepping ~*~*~tactically~*~*~ (hiding).
 15388 | Lair:5   | 15388 ||| Stepping ~*~*~tactically~*~*~ (stealth).
 15389 | Lair:5   | 15389 ||| Stepping ~*~*~tactically~*~*~ (stealth).
 15421 | Lair:5   | 15421 ||| INVOKING Berserk.
 15545 | Lair:5   | 15545 ||| Stepping ~*~*~tactically~*~*~ (stealth).
 15595 | Lair:5   | Identified the amulet of Plog {RegenMP rCorr Dex+2}
 15726 | Lair:5   | Identified the +0 leather armour "Xiabiag" {rF+ Int+2 SInv}
 15775 | Lair:5   | 15775 ||| READING scroll of enchant weapon.
 15775 | Lair:5   | 15775 ||| ENCHANTING +4 war axe of freezing.
 15868 | Lair:5   | Noticed Nessos
 15869 | Lair:5   | 15869 ||| Stepping ~*~*~tactically~*~*~ (hiding).
 15870 | Lair:5   | 15870 ||| Stepping ~*~*~tactically~*~*~ (hiding).
 15871 | Lair:5   | 15871 ||| INVOKING Brothers in Arms.
 15877 | Lair:5   | Killed Nessos
 16025 | Lair:5   | 16025 ||| INVOKING Brothers in Arms.
 16027 | Lair:5   | 16027 ||| SWAPPING to +2 morningstar of holy wrath.
 16028 | Lair:5   | 16028 ||| INVOKING Berserk.
 16045 | Lair:5   | 16045 ||| SWAPPING to +5 war axe of freezing.
 16275 | Lair:5   | 16275 ||| Stepping ~*~*~tactically~*~*~ (stealth).
 16277 | Lair:5   | 16277 ||| Stepping ~*~*~tactically~*~*~ (stealth).
 16290 | Lair:5   | 16290 ||| Stepping ~*~*~tactically~*~*~ (stealth).
 16291 | Lair:5   | 16291 ||| Stepping ~*~*~tactically~*~*~ (stealth).
 16368 | Lair:5   | 16368 ||| Stepping ~*~*~tactically~*~*~ (hiding).
 16374 | Lair:5   | Reached XP level 14. HP: 135/135 MP: 13/13
 16393 | Lair:5   | 16393 ||| Stepping ~*~*~tactically~*~*~ (stealth).
 16401 | Lair:5   | 16401 ||| INVOKING Berserk.
 16534 | Lair:5   | 16534 ||| Stepping ~*~*~tactically~*~*~ (hiding).
 16547 | Lair:5   | 16547 ||| INVOKING Berserk.
 16586 | Lair:5   | Reached skill level 15 in Shields
 16589 | Lair:5   | 16589 ||| INVOKING Brothers in Arms.
 16644 | Lair:5   | 16644 ||| Stepping ~*~*~tactically~*~*~ (hiding).
 16664 | Lair:5   | 16664 ||| Stepping ~*~*~tactically~*~*~ (stealth).
 16671 | Lair:5   | 16671 ||| Stepping ~*~*~tactically~*~*~ (stealth).
 16677 | Lair:5   | Identified the amulet "Edaoli" {RegenMP rC++ Int+2}
 16678 | Lair:5   | 16678 ||| Stepping ~*~*~tactically~*~*~ (stealth).
 16685 | Lair:5   | 16685 ||| INVOKING Berserk.
 16705 | Lair:5   | 16705 ||| FLEEEEING.
 16722 | Lair:5   | 16722 ||| FLEEEEING.
 16723 | Lair:5   | 16723 ||| FLEEEEING.
 16724 | Lair:5   | 16724 ||| FLEEEEING.
 16725 | Lair:5   | 16725 ||| FLEEEEING.
 16726 | Lair:5   | 16726 ||| FLEEEEING.
 16727 | Lair:5   | 16727 ||| FLEEEEING.
 16728 | Lair:5   | 16728 ||| FLEEEEING.
 16729 | Lair:5   | 16729 ||| FLEEEEING.
 16730 | Lair:5   | 16730 ||| FLEEEEING.
 16731 | Lair:5   | 16731 ||| FLEEEEING.
 16732 | Lair:5   | 16732 ||| FLEEEEING.
 16733 | Lair:5   | 16733 ||| FLEEEEING.
 16734 | Lair:5   | 16734 ||| FLEEEEING.
 16737 | Lair:5   | 16737 ||| INVOKING Berserk.
 16927 | Lair:5   | 16927 ||| Stepping ~*~*~tactically~*~*~ (hiding).
 17038 | Lair:5   | 17038 ||| Stepping ~*~*~tactically~*~*~ (stealth).
 17183 | Lair:5   | 17183 ||| PLANNING D:1-11
 17183 | Lair:5   | 17183 ||| DROPPING +2 pair of gloves.
 17184 | Lair:5   | 17184 ||| DROPPING amulet of Plog {RegenMP rCorr Dex+2}.
 17185 | Lair:5   | 17185 ||| DROPPING amulet "Edaoli" {RegenMP rC++ Int+2}.
 17186 | Lair:5   | 17186 ||| UPGRADING to +6 ring of strength.
 17331 | D:10     | Entered Level 10 of the Dungeon
 17342 | D:10     | 17342 ||| FLEEEEING.
 17343 | D:10     | 17343 ||| FLEEEEING.
 17344 | D:10     | 17344 ||| FLEEEEING.
 17345 | D:10     | 17345 ||| FLEEEEING.
 17349 | D:10     | 17349 ||| FLEEEEING.
 17359 | D:10     | 17359 ||| FLEEEEING.
 17360 | D:10     | 17360 ||| FLEEEEING.
 17361 | D:10     | 17361 ||| FLEEEEING.
 17362 | D:10     | 17362 ||| STAIRDANCE
 17466 | D:10     | 17466 ||| STAIRDANCE
 17471 | D:10     | 17471 ||| STAIRDANCE
 17474 | D:9      | Received a gift from Trog
 17477 | D:10     | 17477 ||| STAIRDANCE
 17493 | D:10     | 17493 ||| STAIRDANCE
 17838 | D:10     | 17838 ||| Stepping ~*~*~tactically~*~*~ (hiding).
 18120 | D:10     | 18120 ||| DRINKING 9 potions of curing.
 18120 | D:10     | 18120 ||| (to cure confusion)
 18136 | D:10     | Identified the +9 trident "Vikhlege" {holy, rN+ Dex+4 SInv}
 18315 | D:10     | 18315 ||| READING scroll labelled XEGEWAE GEUH.
 18316 | D:10     | 18316 ||| READING 16 scrolls of identify.
 18316 | D:10     | 18316 ||| IDENTIFYING blue potion
 18317 | D:10     | 18317 ||| DROPPING potion of lignification.
 18331 | D:11     | 18331 ||| Stepping ~*~*~tactically~*~*~ (hiding).
 18333 | D:11     | 18333 ||| Stepping ~*~*~tactically~*~*~ (hiding).
 18335 | D:11     | 18335 ||| Stepping ~*~*~tactically~*~*~ (hiding).
 18336 | D:11     | 18336 ||| Stepping ~*~*~tactically~*~*~ (hiding).
 18337 | D:11     | 18337 ||| Stepping ~*~*~tactically~*~*~ (hiding).
 18338 | D:11     | 18338 ||| Stepping ~*~*~tactically~*~*~ (hiding).
 18339 | D:11     | 18339 ||| Stepping ~*~*~tactically~*~*~ (hiding).
 18390 | D:11     | 18390 ||| Stepping ~*~*~tactically~*~*~ (stealth).
 18394 | D:11     | 18394 ||| Stepping ~*~*~tactically~*~*~ (stealth).
 18399 | D:11     | 18399 ||| Stepping ~*~*~tactically~*~*~ (stealth).
 18441 | D:11     | 18441 ||| READING scroll of enchant armour.
 18441 | D:11     | 18441 ||| ENCHANTING +0 plate armour.
 18804 | D:11     | 18804 ||| PLANNING D
 18839 | D:12     | Noticed Kirke
 18844 | D:12     | 18844 ||| INVOKING Trog's Hand.
 18845 | D:12     | 18845 ||| INVOKING Brothers in Arms.
 18846 | D:12     | 18846 ||| DRINKING potion of cancellation.
 18847 | D:12     | 18847 ||| INVOKING Berserk.
 18851 | D:12     | Killed Kirke
 18989 | D:12     | 18989 ||| INVOKING Berserk.
 19146 | D:12     | 19146 ||| Stepping ~*~*~tactically~*~*~ (hiding).
 19194 | D:12     | 19194 ||| Stepping ~*~*~tactically~*~*~ (stealth).
 19246 | D:12     | Found a frozen archway.
 19266 | D:12     | 19266 ||| Stepping ~*~*~tactically~*~*~ (stealth).
 19272 | D:12     | 19272 ||| Stepping ~*~*~tactically~*~*~ (hiding).
 19287 | D:12     | Found a radiant altar of Vehumet.
 19322 | D:12     | 19322 ||| Stepping ~*~*~tactically~*~*~ (stealth).
 19326 | D:12     | 19326 ||| Stepping ~*~*~tactically~*~*~ (stealth).
 19341 | D:12     | 19341 ||| Stepping ~*~*~tactically~*~*~ (stealth).
 19375 | D:12     | 19375 ||| READING scroll of enchant weapon.
 19375 | D:12     | 19375 ||| ENCHANTING +5 war axe of freezing.
 19692 | D:12     | Noticed an orc warlord
 19693 | D:12     | 19693 ||| Stepping ~*~*~tactically~*~*~ (hiding).
 19697 | D:12     | 19697 ||| Stepping ~*~*~tactically~*~*~ (hiding).
 19700 | D:12     | 19700 ||| INVOKING Brothers in Arms.
 19701 | D:12     | 19701 ||| INVOKING Brothers in Arms.
 19702 | D:12     | 19702 ||| INVOKING Berserk.
 19707 | D:12     | Killed an orc warlord
 19744 | D:12     | 19744 ||| FLEEEEING.
 19745 | D:12     | 19745 ||| FLEEEEING.
 19746 | D:12     | 19746 ||| FLEEEEING.
 19747 | D:12     | 19747 ||| FLEEEEING.
 19748 | D:12     | 19748 ||| FLEEEEING.
 19749 | D:12     | 19749 ||| FLEEEEING.
 19753 | D:12     | 19753 ||| FLEEEEING.
 19774 | D:12     | 19774 ||| READING scroll of enchant weapon.
 19774 | D:12     | 19774 ||| ENCHANTING +6 war axe of freezing.
 19779 | D:12     | 19779 ||| Stepping ~*~*~tactically~*~*~ (stealth).
 19780 | D:12     | 19780 ||| Stepping ~*~*~tactically~*~*~ (stealth).
 19793 | D:12     | 19793 ||| Stepping ~*~*~tactically~*~*~ (hiding).
 19795 | D:12     | 19795 ||| Stepping ~*~*~tactically~*~*~ (stealth).
 19799 | D:12     | 19799 ||| Stepping ~*~*~tactically~*~*~ (hiding).
 19815 | D:12     | 19815 ||| Stepping ~*~*~tactically~*~*~ (stealth).
 19827 | D:12     | 19827 ||| INVOKING Trog's Hand.
 19831 | D:12     | 19831 ||| INVOKING Berserk.
 19984 | D:12     | 19984 ||| Stepping ~*~*~tactically~*~*~ (hiding).
 19986 | D:12     | 19986 ||| Stepping ~*~*~tactically~*~*~ (hiding).
 19987 | D:12     | 19987 ||| Stepping ~*~*~tactically~*~*~ (hiding).
 19988 | D:12     | 19988 ||| Stepping ~*~*~tactically~*~*~ (hiding).
 19989 | D:12     | 19989 ||| Stepping ~*~*~tactically~*~*~ (hiding).
 20132 | D:12     | 20132 ||| Stepping ~*~*~tactically~*~*~ (hiding).
 20140 | D:12     | 20140 ||| INVOKING Berserk.
 20412 | D:12     | 20412 ||| READING 3 scrolls labelled VUEROX BEDOI.
 20413 | D:12     | 20413 ||| DROPPING 2 scrolls of vulnerability.
 20440 | D:13     | 20440 ||| INVOKING Berserk.
 20452 | D:13     | 20452 ||| STAIRDANCE
 20563 | D:13     | 20563 ||| STAIRDANCE
 20585 | D:13     | 20585 ||| INVOKING Trog's Hand.
 20589 | D:13     | 20589 ||| INVOKING Berserk.
 20757 | D:13     | Found a gate to the Vaults.
 20762 | D:13     | Reached XP level 15. HP: 147/147 MP: 14/14
 20827 | D:13     | 20827 ||| READING scroll of enchant weapon.
 20827 | D:13     | 20827 ||| ENCHANTING +7 war axe of freezing.
 20838 | D:13     | 20838 ||| SWAPPING to +2 morningstar of holy wrath.
 20840 | D:13     | 20840 ||| INVOKING Berserk.
 20862 | D:13     | 20862 ||| SWAPPING to +8 war axe of freezing.
 21083 | D:13     | Noticed Maurice
 21089 | D:13     | Killed Maurice
 21221 | D:13     | 21221 ||| READING scroll of enchant armour.
 21221 | D:13     | 21221 ||| ENCHANTING +1 plate armour.
 21232 | D:13     | 21232 ||| FLEEEEING.
 21233 | D:13     | 21233 ||| FLEEEEING.
 21237 | D:13     | 21237 ||| FLEEEEING.
 21238 | D:13     | 21238 ||| FLEEEEING.
 21239 | D:13     | 21239 ||| FLEEEEING.
 21240 | D:13     | 21240 ||| FLEEEEING.
 21241 | D:13     | 21241 ||| STAIRDANCE
 21297 | D:12     | 21297 ||| UPGRADING to +0 cloak.
 21306 | D:13     | 21306 ||| STAIRDANCE
 21378 | D:13     | Found a portal to a secret trove of treasure.
 21411 | D:13     | 21411 ||| DRINKING 2 potions of cancellation.
 21578 | D:14     | Noticed Louise
 21579 | D:14     | Reached skill level 15 in Armour
 21579 | D:14     | 21579 ||| INVOKING Trog's Hand.
 21583 | D:14     | 21583 ||| INVOKING Brothers in Arms.
 21654 | D:14     | 21654 ||| INVOKING Trog's Hand.
 21678 | D:14     | 21678 ||| Stepping ~*~*~tactically~*~*~ (hiding).
 21840 | D:14     | Found a runed translucent door.
 21843 | D:14     | Noticed Jaliuk's ghost (journeyman DECj)
 21843 | D:14     | Found a runed translucent door.
 21845 | D:14     | Noticed a lich
 21905 | D:14     | Found a transporter.
 21923 | D:14     | Found a transporter.
 21966 | D:14     | Found a transporter.
 21968 | D:14     | Found a transporter.
 22012 | D:14     | 22012 ||| SWAPPING to +2 morningstar of holy wrath.
 22014 | D:14     | 22014 ||| INVOKING Berserk.
 22024 | D:14     | 22024 ||| SWAPPING to +8 war axe of freezing.
 22246 | D:14     | 22246 ||| SWAPPING to +2 morningstar of holy wrath.
 22247 | D:14     | 22247 ||| INVOKING Berserk.
 22257 | D:14     | 22257 ||| SWAPPING to +8 war axe of freezing.
 22510 | D:15     | Entered Level 15 of the Dungeon
 22511 | D:15     | 22511 ||| STAIRDANCE
 22544 | D:15     | 22544 ||| STAIRDANCE
 22588 | D:15     | 22588 ||| STAIRDANCE
 22590 | D:14     | 22590 ||| INVOKING Berserk.
 22744 | D:15     | 22744 ||| INVOKING Trog's Hand.
 22745 | D:15     | 22745 ||| STAIRDANCE
 22795 | D:15     | 22795 ||| INVOKING Trog's Hand.
 22796 | D:15     | 22796 ||| INVOKING Berserk.
 22803 | D:15     | Killed Louise
 22818 | D:15     | 22818 ||| Stepping ~*~*~tactically~*~*~ (hiding).
 23011 | D:15     | 23011 ||| INVOKING Berserk.
 23150 | D:15     | 23150 ||| DRINKING 12 potions of curing.
 23150 | D:15     | 23150 ||| (to cure confusion)
 23151 | D:15     | 23151 ||| INVOKING Trog's Hand.
 23318 | D:15     | 23318 ||| INVOKING Berserk.
 23327 | D:15     | 23327 ||| Stepping ~*~*~tactically~*~*~ (hiding).
 23329 | D:15     | 23329 ||| Stepping ~*~*~tactically~*~*~ (hiding).
 23331 | D:15     | 23331 ||| Stepping ~*~*~tactically~*~*~ (hiding).
 23438 | D:15     | Found a staircase to the Depths.
 23463 | D:15     | 23463 ||| INVOKING Berserk.
 23745 | D:15     | Found an iron altar of Okawaru.
 23820 | D:15     | 23820 ||| PLANNING ORC
 23820 | D:15     | 23820 ||| UPGRADING to +1 plate armour of poison
                  | resistance.
 23830 | D:15     | 23830 ||| DROPPING +2 plate armour.
 23831 | D:15     | 23831 ||| UPGRADING to +0 tower shield.
 23841 | D:15     | 23841 ||| DROPPING +0 kite shield.
 23842 | D:15     | 23842 ||| UPGRADING to ring of see invisible.
 23844 | D:15     | 23844 ||| UPGRADING to +6 ring of strength.
 23846 | D:15     | 23846 ||| DROPPING +6 ring of intelligence.
 23982 | Orc:1    | Entered Level 1 of the Orcish Mines
 24020 | Orc:1    | Noticed Sonja
 24025 | Orc:1    | 24025 ||| INVOKING Brothers in Arms.
 24040 | Orc:1    | 24040 ||| INVOKING Berserk.
 24052 | Abyss:1  | Found a corrupted altar of Lugonu.
 24052 | Abyss:1  | Cast into level 1 of the Abyss (Sonja)
 24053 | Abyss:1  | 24053 ||| INVOKING Trog's Hand.
 24102 | Abyss:1  | 24102 ||| Stepping ~*~*~tactically~*~*~ (stealth).
 24104 | Abyss:1  | 24104 ||| Stepping ~*~*~tactically~*~*~ (stealth).
 24105 | Abyss:1  | 24105 ||| Stepping ~*~*~tactically~*~*~ (stealth).
 24106 | Abyss:1  | 24106 ||| Stepping ~*~*~tactically~*~*~ (stealth).
 24107 | Abyss:1  | 24107 ||| Stepping ~*~*~tactically~*~*~ (stealth).
 24109 | Abyss:1  | 24109 ||| Stepping ~*~*~tactically~*~*~ (hiding).
 24110 | Abyss:1  | 24110 ||| Stepping ~*~*~tactically~*~*~ (hiding).
 24146 | Abyss:1  | 24146 ||| Stepping ~*~*~tactically~*~*~ (stealth).
 24147 | Abyss:1  | 24147 ||| Stepping ~*~*~tactically~*~*~ (stealth).
 24174 | Abyss:1  | Noticed a bone dragon
 24189 | Abyss:1  | Noticed a tentacled starspawn
 24193 | Abyss:1  | Killed a bone dragon
 24193 | Abyss:1  | Received a gift from Trog
 24197 | Abyss:1  | Killed a tentacled starspawn
 24201 | Abyss:1  | 24201 ||| INVOKING Trog's Hand.
 24240 | Abyss:1  | 24240 ||| Stepping ~*~*~tactically~*~*~ (stealth).
 24241 | Abyss:1  | 24241 ||| Stepping ~*~*~tactically~*~*~ (stealth).
 24252 | Abyss:1  | Found a corrupted altar of Lugonu.
 24259 | Abyss:1  | 24259 ||| Stepping ~*~*~tactically~*~*~ (stealth).
 24260 | Abyss:1  | 24260 ||| Stepping ~*~*~tactically~*~*~ (stealth).
 24263 | Abyss:1  | 24263 ||| Stepping ~*~*~tactically~*~*~ (stealth).
 24264 | Abyss:1  | 24264 ||| Stepping ~*~*~tactically~*~*~ (stealth).
 24273 | Orc:1    | Escaped the Abyss
 24274 | Orc:1    | 24274 ||| INVOKING Brothers in Arms.
 24280 | Orc:1    | Killed Sonja
 24348 | Orc:1    | 24348 ||| Stepping ~*~*~tactically~*~*~ (stealth).
 24355 | Orc:1    | 24355 ||| Stepping ~*~*~tactically~*~*~ (hiding).
 24356 | Orc:1    | 24356 ||| Stepping ~*~*~tactically~*~*~ (hiding).
 24451 | Orc:1    | 24451 ||| Stepping ~*~*~tactically~*~*~ (stealth).
 24456 | Orc:1    | 24456 ||| Stepping ~*~*~tactically~*~*~ (stealth).
 24529 | Orc:1    | 24529 ||| INVOKING Trog's Hand.
 24532 | Orc:1    | 24532 ||| INVOKING Berserk.
 24788 | Orc:2    | Entered Level 2 of the Orcish Mines
 24893 | Orc:2    | 24893 ||| Stepping ~*~*~tactically~*~*~ (hiding).
 24894 | Orc:2    | 24894 ||| Stepping ~*~*~tactically~*~*~ (hiding).
 24895 | Orc:2    | 24895 ||| Stepping ~*~*~tactically~*~*~ (hiding).
 24896 | Orc:2    | 24896 ||| Stepping ~*~*~tactically~*~*~ (hiding).
 24897 | Orc:2    | 24897 ||| Stepping ~*~*~tactically~*~*~ (hiding).
 24903 | Orc:2    | 24903 ||| Stepping ~*~*~tactically~*~*~ (stealth).
 24907 | Orc:2    | 24907 ||| Stepping ~*~*~tactically~*~*~ (stealth).
 24944 | Orc:2    | Reached skill level 3 in Throwing
 24948 | Orc:2    | 24948 ||| Stepping ~*~*~tactically~*~*~ (hiding).
 24983 | Orc:2    | 24983 ||| Stepping ~*~*~tactically~*~*~ (stealth).
 24990 | Orc:2    | 24990 ||| Stepping ~*~*~tactically~*~*~ (hiding).
 24996 | Orc:2    | 24996 ||| Stepping ~*~*~tactically~*~*~ (hiding).
 25001 | Orc:2    | 25001 ||| INVOKING Trog's Hand.
 25002 | Orc:2    | 25002 ||| INVOKING Berserk.
 25019 | Orc:2    | 25019 ||| Stepping ~*~*~tactically~*~*~ (stealth).
 25020 | Orc:2    | 25020 ||| Stepping ~*~*~tactically~*~*~ (stealth).
 25022 | Orc:2    | 25022 ||| Stepping ~*~*~tactically~*~*~ (stealth).
 25024 | Orc:2    | 25024 ||| INVOKING Trog's Hand.
 25030 | Orc:2    | 25030 ||| Stepping ~*~*~tactically~*~*~ (hiding).
 25033 | Orc:2    | 25033 ||| Stepping ~*~*~tactically~*~*~ (hiding).
 25042 | Orc:2    | 25042 ||| Stepping ~*~*~tactically~*~*~ (hiding).
 25070 | Orc:2    | 25070 ||| INVOKING Berserk.
 25088 | Orc:2    | Found Daimiu's Magic Scroll Shop.
 25088 | Orc:2    | Found Niareus's Book Boutique.
 25088 | Orc:2    | Found Ihizxin's Jewellery Shop.
 25096 | Orc:2    | Found Rassit's Antique Weapon Boutique.
 25218 | Orc:2    | 25218 ||| BUYING 2 scrolls of teleportation (90 gold).
 25218 | Orc:2    | Bought 2 scrolls of teleportation for 90 gold pieces
 25218 | Orc:2    | 25218 ||| BUYING scroll of enchant weapon (112 gold).
 25218 | Orc:2    | Bought a scroll of enchant weapon for 112 gold pieces
 25218 | Orc:2    | 25218 ||| BUYING scroll of enchant weapon (112 gold).
 25218 | Orc:2    | Bought a scroll of enchant weapon for 112 gold pieces
 25218 | Orc:2    | 25218 ||| BUYING scroll of teleportation (45 gold).
 25218 | Orc:2    | Bought a scroll of teleportation for 45 gold pieces
 25218 | Orc:2    | 25218 ||| READING 2 scrolls of enchant weapon.
 25218 | Orc:2    | 25218 ||| ENCHANTING +8 war axe of freezing.
 25220 | Orc:2    | 25220 ||| BUYING +4 ring of protection (432 gold).
 25220 | Orc:2    | Bought a +4 ring of protection for 432 gold pieces
 25220 | Orc:2    | 25220 ||| BUYING ring of fire (300 gold).
 25220 | Orc:2    | Bought a ring of fire for 300 gold pieces
 25237 | Orc:2    | 25237 ||| Stepping ~*~*~tactically~*~*~ (stealth).
 25238 | Orc:2    | 25238 ||| INVOKING Brothers in Arms.
 25239 | Orc:2    | 25239 ||| INVOKING Brothers in Arms.
 25240 | Orc:2    | 25240 ||| INVOKING Berserk.
 25317 | Orc:2    | Found a staircase to the Elven Halls.
 25719 | Orc:2    | 25719 ||| PLANNING SHOALS:1-3
 25719 | Orc:2    | 25719 ||| DROPPING ring of positive energy.
 25720 | Orc:2    | 25720 ||| UPGRADING to +4 ring of protection.
 25813 | Shoals:1 | Entered Level 1 of the Shoals
 25887 | Shoals:1 | Reached skill level 18 in Shields
 25913 | Shoals:1 | 25913 ||| Stepping ~*~*~tactically~*~*~ (hiding).
 25950 | Shoals:1 | Reached XP level 16. HP: 157/157 MP: 15/15
 26034 | Shoals:1 | 26034 ||| INVOKING Berserk.
 26272 | Shoals:1 | 26272 ||| Stepping ~*~*~tactically~*~*~ (water).
 26310 | Shoals:1 | Found a runed translucent gate.
 26310 | Shoals:1 | Found a runed translucent gate.
 26310 | Shoals:1 | Found a runed translucent gate.
 26312 | Shoals:1 | Noticed Kehicw's ghost (adept HOBr)
 26491 | Shoals:1 | 26491 ||| DROPPING ring of ice.
 26492 | Shoals:1 | 26492 ||| READING scroll labelled DAYZ TENUPA.
 26493 | Shoals:1 | 26493 ||| DROPPING +2 morningstar of holy wrath.
 26511 | Shoals:2 | 26511 ||| Stepping ~*~*~tactically~*~*~ (hiding).
 26513 | Shoals:2 | 26513 ||| Stepping ~*~*~tactically~*~*~ (hiding).
 26533 | Shoals:2 | 26533 ||| Stepping ~*~*~tactically~*~*~ (hiding).
 26547 | Shoals:2 | 26547 ||| INVOKING Trog's Hand.
 26548 | Shoals:2 | 26548 ||| INVOKING Brothers in Arms.
 26732 | Shoals:2 | 26732 ||| Stepping ~*~*~tactically~*~*~ (hiding).
 26734 | Shoals:2 | 26734 ||| Stepping ~*~*~tactically~*~*~ (hiding).
 26735 | Shoals:2 | 26735 ||| Stepping ~*~*~tactically~*~*~ (hiding).
 26912 | Shoals:2 | 26912 ||| READING scroll of brand weapon.
 26912 | Shoals:2 | 26912 ||| BRANDING +9 war axe of flaming.
 26936 | Shoals:2 | 26936 ||| Stepping ~*~*~tactically~*~*~ (hiding).
 26971 | Shoals:2 | 26971 ||| INVOKING Trog's Hand.
 26972 | Shoals:2 | 26972 ||| INVOKING Brothers in Arms.
 26973 | Shoals:2 | 26973 ||| INVOKING Brothers in Arms.
 26981 | Shoals:2 | 26981 ||| Stepping ~*~*~tactically~*~*~ (water).
 27152 | Shoals:2 | 27152 ||| INVOKING Berserk.
 27402 | Shoals:2 | 27402 ||| DROPPING ring of protection from cold.
 27460 | Shoals:3 | 27460 ||| INVOKING Berserk.
 27613 | Shoals:3 | 27613 ||| Stepping ~*~*~tactically~*~*~ (hiding).
 27614 | Shoals:3 | 27614 ||| INVOKING Trog's Hand.
 27615 | Shoals:3 | 27615 ||| INVOKING Brothers in Arms.
 27622 | Shoals:3 | 27622 ||| INVOKING Berserk.
 27754 | Shoals:3 | Reached skill level 18 in Fighting
 27790 | Shoals:3 | 27790 ||| Stepping ~*~*~tactically~*~*~ (hiding).
 27793 | Shoals:3 | 27793 ||| INVOKING Trog's Hand.
 27870 | Shoals:3 | 27870 ||| Stepping ~*~*~tactically~*~*~ (hiding).
 28067 | Shoals:3 | 28067 ||| INVOKING Berserk.
 28187 | Shoals:3 | 28187 ||| Stepping ~*~*~tactically~*~*~ (water).
 28194 | Shoals:3 | Reached skill level 9 in Dodging
 28197 | Shoals:3 | 28197 ||| Stepping ~*~*~tactically~*~*~ (water).
 28262 | Shoals:3 | Found a large runed translucent door.
 28262 | Shoals:3 | Found a large runed translucent door.
 28266 | Shoals:3 | Noticed qw's ghost (adept MiBe)
 28319 | Shoals:3 | 28319 ||| Stepping ~*~*~tactically~*~*~ (hiding).
 28325 | Shoals:3 | 28325 ||| Stepping ~*~*~tactically~*~*~ (water).
 28351 | Shoals:3 | 28351 ||| FLEEEEING.
 28423 | Shoals:3 | 28423 ||| Stepping ~*~*~tactically~*~*~ (stealth).
 28424 | Shoals:3 | 28424 ||| Stepping ~*~*~tactically~*~*~ (stealth).
 28453 | Shoals:3 | 28453 ||| INVOKING Brothers in Arms.
 28468 | Shoals:3 | 28468 ||| INVOKING Berserk.
 28545 | Shoals:3 | 28545 ||| Stepping ~*~*~tactically~*~*~ (water).
 28552 | Shoals:3 | 28552 ||| INVOKING Berserk.
 28580 | Shoals:3 | 28580 ||| FLEEEEING.
 28581 | Shoals:3 | 28581 ||| FLEEEEING.
 28583 | Shoals:3 | 28583 ||| INVOKING Brothers in Arms.
 28636 | Shoals:3 | 28636 ||| INVOKING Brothers in Arms.
 28640 | Shoals:3 | 28640 ||| INVOKING Berserk.
 28668 | Shoals:3 | 28668 ||| FLEEEEING.
 28669 | Shoals:3 | 28669 ||| FLEEEEING.
 28672 | Shoals:3 | 28672 ||| FLEEEEING.
 28673 | Shoals:3 | 28673 ||| READING 8 scrolls of teleportation.
 28674 | Shoals:3 | 28674 ||| Waiting to end mesmerise (stuck).
 28809 | Shoals:3 | 28809 ||| READING 7 scrolls of teleportation.
 28810 | Shoals:3 | 28810 ||| FLEEEEING.
 28811 | Shoals:3 | 28811 ||| Waiting to end mesmerise (stuck).
 28870 | Shoals:3 | 28870 ||| FLEEEEING.
 28871 | Shoals:3 | 28871 ||| INVOKING Berserk.
 29146 | Shoals:3 | 29146 ||| PLANNING SPIDER:1-3
 29146 | Shoals:3 | 29146 ||| DROPPING +2 pair of gloves.
 29254 | Spider:1 | Entered Level 1 of the Spider Nest
 29264 | Spider:1 | 29264 ||| Stepping ~*~*~tactically~*~*~ (hiding).
 29293 | Spider:1 | 29293 ||| Stepping ~*~*~tactically~*~*~ (stealth).
 29309 | Spider:1 | 29309 ||| INVOKING Berserk.
 29514 | Spider:1 | 29514 ||| Stepping ~*~*~tactically~*~*~ (stealth).
 29569 | Spider:1 | 29569 ||| READING scroll of enchant armour.
 29569 | Spider:1 | 29569 ||| ENCHANTING +0 cloak.
 29597 | Spider:1 | Received a gift from Trog
 29694 | Spider:1 | 29694 ||| Stepping ~*~*~tactically~*~*~ (stealth).
 29711 | Spider:1 | 29711 ||| Stepping ~*~*~tactically~*~*~ (stealth).
 29712 | Spider:1 | 29712 ||| Stepping ~*~*~tactically~*~*~ (hiding).
 29783 | Spider:1 | 29783 ||| INVOKING Berserk.
 29798 | Spider:1 | Reached XP level 17. HP: 168/168 MP: 16/16
 29931 | Spider:1 | 29931 ||| INVOKING Berserk.
 29946 | Spider:1 | 29946 ||| Stepping ~*~*~tactically~*~*~ (stealth).
 30013 | Spider:1 | 30013 ||| Stepping ~*~*~tactically~*~*~ (stealth).
 30015 | Spider:1 | 30015 ||| Stepping ~*~*~tactically~*~*~ (stealth).
 30019 | Spider:1 | 30019 ||| Stepping ~*~*~tactically~*~*~ (hiding).
 30028 | Spider:1 | 30028 ||| INVOKING Berserk.
 30221 | Spider:1 | 30221 ||| Stepping ~*~*~tactically~*~*~ (hiding).
 30225 | Spider:1 | 30225 ||| INVOKING Brothers in Arms.
 30425 | Spider:1 | Identified the +5 trident of the Vanishing Seas {speed,
                  | rC+}
 30608 | Spider:1 | 30608 ||| Stepping ~*~*~tactically~*~*~ (stealth).
 30609 | Spider:1 | 30609 ||| Stepping ~*~*~tactically~*~*~ (stealth).
 31150 | Spider:2 | 31150 ||| Stepping ~*~*~tactically~*~*~ (stealth).
 31151 | Spider:2 | 31151 ||| Stepping ~*~*~tactically~*~*~ (stealth).
 31185 | Spider:2 | 31185 ||| Stepping ~*~*~tactically~*~*~ (stealth).
 31203 | Spider:2 | Noticed Azrael
 31212 | Spider:2 | 31212 ||| INVOKING Berserk.
 31215 | Spider:2 | Killed Azrael
 31410 | Spider:2 | 31410 ||| Stepping ~*~*~tactically~*~*~ (stealth).
 31416 | Spider:2 | Reached skill level 18 in Armour
 31483 | Spider:2 | 31483 ||| DRINKING potion of cancellation.
 31968 | Spider:2 | 31968 ||| INVOKING Brothers in Arms.
 31987 | Spider:2 | 31987 ||| INVOKING Brothers in Arms.
 32293 | Spider:2 | 32293 ||| UPGRADING to +1 hat.
 32307 | Spider:3 | Noticed Arachne
 32328 | Spider:3 | Killed Arachne
 32335 | Spider:3 | 32335 ||| FLEEEEING.
 32336 | Spider:3 | 32336 ||| FLEEEEING.
 32337 | Spider:3 | 32337 ||| STAIRDANCE
 32382 | Spider:3 | 32382 ||| INVOKING Berserk.
 32393 | Spider:3 | 32393 ||| STAIRDANCE
 32686 | Spider:3 | 32686 ||| Stepping ~*~*~tactically~*~*~ (hiding).
 32689 | Spider:3 | 32689 ||| Stepping ~*~*~tactically~*~*~ (hiding).
 32690 | Spider:3 | 32690 ||| INVOKING Berserk.
 32843 | Spider:3 | 32843 ||| Stepping ~*~*~tactically~*~*~ (stealth).
 32845 | Spider:3 | 32845 ||| Stepping ~*~*~tactically~*~*~ (stealth).
 32848 | Spider:3 | 32848 ||| INVOKING Berserk.
 32858 | Spider:3 | 32858 ||| FLEEEEING.
 32928 | Spider:3 | 32928 ||| READING scroll of brand weapon.
 32928 | Spider:3 | 32928 ||| BRANDING +9 war axe of chaos.
 32929 | Spider:3 | 32929 ||| DROPPING +0 mace.
 33175 | Spider:3 | Noticed Nikola
 33176 | Spider:3 | 33176 ||| Stepping ~*~*~tactically~*~*~ (hiding).
 33177 | Spider:3 | 33177 ||| Stepping ~*~*~tactically~*~*~ (hiding).
 33181 | Spider:3 | 33181 ||| INVOKING Brothers in Arms.
 33183 | Spider:3 | 33183 ||| INVOKING Berserk.
 33193 | Spider:3 | Killed Nikola
 33324 | Spider:3 | 33324 ||| PLANNING SHOALS:4
 33551 | Shoals:4 | Entered Level 4 of the Shoals
 33595 | Shoals:4 | 33595 ||| INVOKING Berserk.
 33721 | Shoals:4 | 33721 ||| Stepping ~*~*~tactically~*~*~ (hiding).
 33722 | Shoals:4 | 33722 ||| Stepping ~*~*~tactically~*~*~ (hiding).
 33728 | Shoals:4 | 33728 ||| INVOKING Berserk.
 33860 | Shoals:4 | 33860 ||| INVOKING Berserk.
 34013 | Shoals:4 | Identified the +2 scimitar of the Shoals {vorpal, rF+}
 34094 | Shoals:4 | 34094 ||| INVOKING Trog's Hand.
 34104 | Shoals:4 | 34104 ||| INVOKING Berserk.
 34187 | Shoals:4 | Identified the +7 falchion of the Final Lies {vorpal, rF+++
                  | Str+3 Int-4 Stlth+}
 34255 | Shoals:4 | Reached skill level 6 in Throwing
 34256 | Shoals:4 | 34256 ||| INVOKING Trog's Hand.
 34257 | Shoals:4 | HP: 42/170 [harpy (4)]
 34258 | Shoals:4 | 34258 ||| READING 8 scrolls of teleportation.
 34258 | Shoals:4 | HP: 16/170 [merfolk impaler/+2 trident of venom (12)]
 34258 | Shoals:4 | Killed from afar by a water nymph

Levels and vault maps discovered:
D:1:      shiori_arrival_maze, layout_basic, dilly_ecumenical_altar_fadedgnrine,
          minmay_ruptured
D:2:      layout_basic, grunt_ministairs_10, uniq_terence
D:3:      layout_rooms, old_standard_altar, uniq_robin
D:4:      layout_loops_ring, grunt_ministairs_7, minmay_misc_feat_tiny,
          uniq_ijyb
D:5:      layout_rooms, nicolae_elyvilon_temple_path, pf_just_have_faith,
          gammafunk_ghost_nasty_kobolds, nicolae_ossuary_entry_plus,
          kennysheep_generic_room_16
D:6:      layout_basic, mainiacjoe_overflow_alcove_2, slow_altar_2,
          temple_pool_b, lightli_corner_chamber, uniq_grinder,
          uniq_prince_ribbit1
D:7:      layout_loops_ring, minitemple, dreamdust_mushroom_princess,
          corexii_hall_statues_i, chequers_decorated_corner
D:8:      layout_basic, nicolae_qazlal_scattered_showers,
          mainiacjoe_overflow_alcove_4, serial_shops, nicolae_take_the_stairs,
          kb_lookout_dungeons_type
D:9:      layout_rooms, david_lair_generic, minmay_orc_entry_guard_dogs,
          serial_shops, shop, gammafunk_ghost_wrathful_warriors, enter_bailey_7
D:10:     layout_irregular_city, chequers_garden
D:11:     layout_rooms, st_stairs_11, minmay_misc_feat_rows
D:12:     orc_temple, layout_irregular_city, serial_ice, serial_ice_b,
          serial_ice_o, serial_ice_d, serial_ice_f, serial_ice_h, serial_ice_n,
          serial_ice_a, portal_ice_cave_entry_pillars_1,
          nicolae_vehumet_radiance, uniq_kirke
D:13:     layout_big_octagon, david_vaults_1, nicolae_trove_entry_path_of_doom,
          kennysheep_minor_cross, uniq_maurice
D:14:     layout_small_grid, muffindrake_ghost_dual_entry, minmay_misc_feat_iff,
          nicolae_transporter_circle, uniq_louise
D:15:     gammafunk_depths_entry_grave, layout_long_grid, okawaru_gym_becter,
          serial_park_tiny_1, st_stairs_11, drop_trap
Lair:1:   layout_roguey, grunt_forest_small_clearing_treed
Lair:2:   layout_regular_city, elwin_shoals_entry_rocks, grunt_megastairs_5
Lair:3:   layout_small_grid, nicolae_spider_entry_tight_spaces,
          kennysheep_abandoned_house
Lair:4:   layout_loops_ring, nzn_sisyphean_effort
Lair:5:   hangedman_lair_caniforms_friends, layout_long_grid,
          hangedman_lair_tendril_chambers, minmay_slime_entry_pillars,
          lemuel_fruit_fields, uniq_nessos
Shoals:1: layout_shoals, gammafunk_ghost_tricky_traps
Shoals:2: layout_shoals, nicolae_shoals_wave_tunnel
Shoals:3: layout_shoals, ebering_ghost_disaster_area
Shoals:4: shoals_end_simple, layout_shoals
Spider:1: layout_chambers, hangedman_spider_tarantella_strand
Spider:2: layout_chambers, nicolae_spider_twisty_arc_passages, uniq_azrael
Spider:3: layout_spider_delve, uniq_nikola, uniq_arachne
Orc:1:    layout_caves, uniq_sonja
Orc:2:    st_orc_mages, layout_caves

Skill      XL: |  1  2  3  4  5  6  7  8  9 10 11 12 13 14 15 16 17 |
---------------+----------------------------------------------------+-----
Axes           | 4 5 6 7 9 10 11 13 16 | 16.0
Fighting       | 4 5 6 9 12 14 15 17 19 20 | 20.0
Shields        | 2 3 5 6 7 9 14 15 18 20 | 20.5
Throwing       | 1 2 3 4 6 |  6.3
Armour         | 4 6 10 12 14 16 17 18 | 18.0
Dodging        | 3 4 6 8 9 |  9.5

Action                   |  1- 3 |  4- 6 |  7- 9 | 10-12 | 13-15 | 16-18 || total
-------------------------+-------+-------+-------+-------+-------+-------++-------
Melee: Hand axe          |    75 |     8 |       |       |       |       ||    83
       Headbutt          |     7 |     8 |    31 |    64 |   215 |   183 ||   508
       Punch             |     2 |       |       |       |       |       ||     2
       War axe           |       |    73 |   196 |   320 |   984 |   815 ||  2388
       Morningstar       |       |       |       |    13 |    23 |       ||    36
Throw: Boomerang         |    26 |    49 |    49 |    44 |    24 |   110 ||   302
       Javelin           |       |       |       |       |       |     1 ||     1
Invok: Berserk           |     2 |     7 |     8 |    15 |    32 |    22 ||    86
       Trog's Hand       |       |       |     1 |       |    13 |     6 ||    20
       Brothers in Arms  |       |       |       |     4 |    10 |     9 ||    23
  Use: Scroll            |     5 |     5 |    11 |     3 |    10 |     7 ||    41
       Potion            |     1 |     3 |     3 |     2 |     4 |     1 ||    14
 Stab: Distracted        |       |       |       |       |     1 |     1 ||     2
       Confused          |       |       |       |       |     1 |     1 ||     2
       Paralysed         |       |       |       |       |       |     1 ||     1
Armor: Animal skin       |    12 |       |       |       |       |       ||    12
       Scale mail        |       |     5 |       |       |       |       ||     5
       Ring mail         |       |    12 |    49 |     9 |       |       ||    70
       Chain mail        |       |       |       |    23 |       |       ||    23
       Plate armour      |       |       |       |    69 |   277 |   282 ||   628
Dodge: Dodged            |    49 |    24 |    56 |    79 |   216 |   186 ||   610
Block: Other             |     2 |    13 |       |       |       |       ||    15
       Reflection        |       |     3 |     6 |     5 |    64 |    43 ||   121
       Buckler           |       |    15 |    60 |   105 |     8 |       ||   188
       Kite shield       |       |       |       |       |   485 |       ||   485
       Tower shield      |       |       |       |       |   180 |  1002 ||  1182

Table legend:
 A = Non-vault XP
 B = Vault XP
 C = Vault XP percentage of total XP
 D = Non-vault monster count
 E = Vault monster count
 F = Vault count percentage of total count
                 A         B        C        D         E       F
            +---------+---------+-------+---------+---------+-------
      Total |  197062 |   72437 |  26.9 |     723 |     321 |  30.7
            +---------+---------+-------+---------+---------+-------
        D:1 |      61 |       6 |   9.0 |      27 |       3 |  10.0
        D:2 |      33 |      79 |  70.5 |      13 |       3 |  18.8
        D:3 |     114 |      36 |  24.0 |      16 |      12 |  42.9
        D:4 |     158 |      37 |  19.0 |      14 |       2 |  12.5
        D:5 |     786 |      99 |  11.2 |      18 |       2 |  10.0
        D:6 |     651 |     552 |  45.9 |       9 |       3 |  25.0
        D:7 |     950 |       0 |   0.0 |      21 |       0 |   0.0
        D:8 |    2463 |     115 |   4.5 |      21 |       1 |   4.5
        D:9 |    4226 |    1686 |  28.5 |      37 |      12 |  24.5
       D:10 |    2364 |       0 |   0.0 |      13 |       0 |   0.0
       D:11 |    4674 |     845 |  15.3 |      13 |       3 |  18.8
       D:12 |    4053 |    8810 |  68.5 |      14 |      39 |  73.6
       D:13 |    9234 |    3638 |  28.3 |      24 |       7 |  22.6
       D:14 |    8603 |    2079 |  19.5 |      22 |       3 |  12.0
       D:15 |    2952 |    6761 |  69.6 |      12 |      10 |  45.5
     Lair:1 |    4498 |       0 |   0.0 |      22 |       0 |   0.0
     Lair:2 |   10090 |       0 |   0.0 |      37 |       0 |   0.0
     Lair:3 |    4534 |    2339 |  34.0 |      12 |      19 |  61.3
     Lair:4 |    9580 |     851 |   8.2 |      23 |       1 |   4.2
     Lair:5 |    9907 |   21745 |  68.7 |      29 |      97 |  77.0
   Shoals:1 |   10460 |       0 |   0.0 |      22 |       0 |   0.0
   Shoals:2 |   12623 |    2403 |  16.0 |      27 |       8 |  22.9
   Shoals:3 |   29074 |       0 |   0.0 |      59 |       0 |   0.0
   Shoals:4 |    7122 |    8219 |  53.6 |      15 |      13 |  46.4
   Spider:1 |   21704 |     260 |   1.2 |      59 |       1 |   1.7
   Spider:2 |    8498 |    2102 |  19.8 |      22 |       7 |  24.1
   Spider:3 |   12577 |    4281 |  25.4 |      29 |       2 |   6.5
      Orc:1 |    3162 |     573 |  15.3 |      52 |       1 |   1.9
      Orc:2 |    2290 |    4753 |  67.5 |      30 |      41 |  57.7
    Abyss:1 |    9621 |       0 |   0.0 |      11 |       0 |   0.0
    Ossuary |       0 |     168 | 100.0 |       0 |      31 | 100.0
            +---------+---------+-------+---------+---------+-------
